 Dungeon Crawl Stone Soup version 0.27-a0-887-gcab673c142 (webtiles) character file.

Game seed: 13496972145771785759

84 The0Endless the Ruffian (level 4, -1/44 HPs)
             Began as a Troll Berserker on Apr 3, 2021.
             Was a Believer of Trog.
             Slain by Sigmund
             ... wielding a +0 scythe
              (13 damage)
             ... on level 3 of the Dungeon on Apr 4, 2021.
             The game lasted 00:13:19 (1669 turns).

The0Endless the Ruffian (Troll Berserker)           Turns: 1669, Time: 00:13:20

Health: -1/44      AC:  4    Str: 24 (26) XL:     4   Next: 24%
Magic:  3/3        EV: 10    Int:  1 (3)  God:    Trog [**....]
Gold:   147        SH:  0    Dex:  7 (9)  Spells: 3/3 levels left

rFire    . . .     SeeInvis .     - Unarmed
rCold    + . .     Faith    .   (no shield)
rNeg     . . .     Spirit   .   a - +0 animal skin
rPois    .         Reflect  .   (helmet restricted)
rElec    .         Harm     .   (no cloak)
rCorr    .         Rampage  .   (gloves unavailable)
Will     ++...                  (boots unavailable)
Stlth    +.........             (no amulet)
HPRegen  2.14/turn              b - ring of protection from cold
MPRegen  0.08/turn              (no ring)

@: regenerating
A: large, unfitting armour, claws 3, regeneration 1, shaggy fur 1, tough skin 1
a: Renounce Religion, Berserk, Trog's Hand


You were on level 3 of the Dungeon.
You worshipped Trog.
Trog was pleased with you.
You visited 1 branch of the dungeon, and saw 3 of its levels.

You collected 147 gold pieces.

Inventory:

Armour
 a - a +0 animal skin (worn)
Jewellery
 b - a ring of protection from cold (left claw)
Scrolls
 e - a scroll of amnesia
Potions
 c - a potion of might {unknown}
 d - 2 potions of brilliance {unknown}


   Skills:
 + Level 2.8 Fighting
 + Level 3.1 Dodging
 + Level 4.1 Unarmed Combat


You had 3 spell levels left.
You didn't know any spells.
Your spell library was empty.

Dungeon Overview and Level Annotations

Branches:
Dungeon (3/15)

Altars:

Annotations:
D:3 Sigmund, Terence


Innate Abilities, Weirdness & Mutations

You are too large for most types of armour.
You have claws for hands.
Your natural rate of healing is unusually fast.
You are covered in fur. (AC +1)
You have tough skin. (AC +1)


Message History

You claw the orc!
You kill the orc!
Trog accepts your kill. The adder bites you.
You barely miss the adder.
The adder is lightly wounded.
The adder barely misses you.
You closely miss the adder.
The adder is lightly wounded.
The adder bites you but does no damage.
You claw the adder!
You kill the adder!
Trog accepts your kill.
You feel your dexterity returning.
Things that are here:
a +0 war axe; a +0 leather armour; an orc corpse
Found 16 gold pieces.
Found a stone staircase leading down.
Sigmund the Dreaded comes into view.
He is wielding a +0 scythe.
Sigmund shouts!
Sigmund smiles chillingly.
Sigmund drinks a potion.
Sigmund flickers and vanishes!
Deactivating autopickup; reactivate with Ctrl-A.
Autopickup is now on.
Something hits you!
Deactivating autopickup; reactivate with Ctrl-A.
Something hits you! Something hits you.
You see here 16 gold pieces.
You now have 147 gold pieces (gained 16).
Something hits you! Something hits you but does no damage.
You miss something. Something hits you!
* * * LOW HITPOINT WARNING * * *
Your skin crawls.
You feel strong-willed. Something hits you.
* * * LOW HITPOINT WARNING * * *
Something hits you!
You die...

#....#
############....#
#>..............+
#.............#
#.#...##......###
#.#...##.#......#
#.............†.#
#.#.............#
#...@...##....).#
#.#.#...##.###.##
. #...##..##.#
#.####o.
#......#.####
#.#...
##.....##### #.#.#
###.#.#
#.####...##
##.#.###.##......#
#.........#......#
#................#


There were no monsters in sight!

Vanquished Creatures
  2 adders
  2 worms (D:2)
  2 dart slugs (D:1)
  An orc (D:3)
  2 ball pythons
  4 endoplasms
  3 giant cockroaches
  5 goblins
  5 hobgoblins
  5 kobolds
  3 quokkas
  7 bats
  13 frilled lizards
  2 rats (D:1)
56 creatures vanquished.

Vanquished Creatures (others)
  3 plants (D:2)
3 creatures vanquished.

Grand Total: 59 creatures vanquished

Notes
Turn   | Place    | Note
-------+----------+-------------------------------------------
     0 | D:1      | The0Endless the Troll Berserker began the quest for the
                  | Orb.
     0 | D:1      | Reached XP level 1. HP: 22/22 MP: 0/0
   129 | D:1      | Reached XP level 2. HP: 29/29 MP: 1/1
   646 | D:2      | Reached XP level 3. HP: 36/36 MP: 2/2
   737 | D:2      | Reached ** piety under Trog
   770 | D:2      | Lost intelligence.
  1077 | D:2      | Found a faded altar of an unknown god.
  1380 | D:2      | Reached XP level 4. HP: 40/44 MP: 3/3
  1396 | D:2      | Reached skill level 4 in Unarmed Combat
  1560 | D:3      | Noticed Terence
  1658 | D:3      | Noticed Sigmund
  1669 | D:3      | Slain by Sigmund

Illustrated notes

Levels and vault maps discovered:
D:1:      dpeg_arrival_windows_large_door, layout_rooms, corner_web_ring
D:2:      layout_loops_ring, basic_ecumenical_altar, minmay_lizard_king
D:3:      layout_basic, uniq_sigmund, uniq_robin, uniq_terence

Skill      XL: |  1  2  3  4 |
---------------+-------------+-----
Dodging        | 3 |  3.1
Unarmed Combat | 4 |  4.1
Fighting       | |  2.8

Action                   |  1- 3 |  4- 6 || total
-------------------------+-------+-------++-------
Melee: Unarmed           |   159 |    25 ||   184
       Punch             |     3 |       ||     3
Invok: Berserk           |     1 |       ||     1
       Trog's Hand       |       |     1 ||     1
  Use: Scroll            |     3 |     2 ||     5
       Potion            |     1 |       ||     1
Armor: Animal skin       |    81 |    14 ||    95
Dodge: Dodged            |   112 |    12 ||   124

Table legend: (Time is in decaauts)
 A = Elapsed time spent in this place.
 B = Non-inter-level travel time spent in this place.
 C = Inter-level travel time spent in this place.
 D = Time resting spent in this place.
 E = Time spent auto-exploring this place.
 F = Levels seen in this place.
 G = Mean time per level.
                   A        B        C        D        E       F      G
               +--------+--------+--------+--------+--------+-----+--------+
         Total |   1856 |   1856 |      0 |     42 |    409 |   3 |  618.7 |
       Dungeon |   1856 |   1856 |      0 |     42 |    409 |   3 |  618.7 |
               +--------+--------+--------+--------+--------+-----+--------+

Top non-repeatable levels by time:
     D:2: 1159 daAuts
     D:1: 590 daAuts
     D:3: 107 daAuts
